 Dungeon Crawl Stone Soup version 0.22-a0-402-ga933591 (webtiles) character file.

132 Mgcat the Skirmisher (level 4, -1/38 HPs)
             Began as a Demonspawn Chaos Knight on May 6, 2018.
             Slain by an orc wizard
             ... wielding a +0 dagger
              (2 damage)
             ... on level 3 of the Dungeon.
             The game lasted 00:08:00 (2445 turns).

Mgcat the Skirmisher (Demonspawn Chaos Knight)      Turns: 2445, Time: 00:08:01

Health: -1/38      AC:  7    Str: 13    XL:     4   Next: 92%
Magic:  4/4        EV: 11    Int: 13    God:    Xom [....*.]
Gold:   69         SH:  0    Dex: 13    Spells: 3/3 levels left

rFire    . . .     SeeInvis .   a - +0 mace (chaos)
rCold    . . .     Gourm    .   (no shield)
rNeg     . . .     Faith    .   b - +2 leather armour
rPois    .         Spirit   .   (helmet restricted)
rElec    .         Reflect  .   j - +1 cloak
rCorr    .         Harm     .   (no gloves)
MR       .....                  (no boots)
Stlth    +.........             (no amulet)
HPRegen  0.12/turn              (no ring)
MPRegen  0.09/turn              (no ring)

@: lethally poisoned (-1 -> -2), about to teleport
A: antennae 1, claws 1
a: Renounce Religion


You were on level 3 of the Dungeon.
You worshipped Xom.
You were a beloved toy of Xom.
You were hungry.

You visited 1 branch of the dungeon, and saw 3 of its levels.

You collected 69 gold pieces.

Inventory:

Hand Weapons
 a - a +0 mace of chaos (weapon)
Missiles
 p - 6 stones (quivered)
Armour
 b - a +2 leather armour (worn)
 h - a +0 pair of gloves
   (You found it on level 2 of the Dungeon)
 j - a +1 cloak (worn)
   (You found it on level 2 of the Dungeon)
Jewellery
 k - an uncursed amulet of magic regeneration {unknown}
   (You took it off a goblin on level 2 of the Dungeon)
Scrolls
 e - 3 scrolls of teleportation
 f - 3 scrolls of identify
Potions
 d - a potion of flight
 g - a potion of cancellation
Comestibles
 c - 2 rations


   Skills:
 + Level 4.5 Fighting
 - Level 3.0 Maces & Flails
 - Level 1.7 Armour
 - Level 0.8 Dodging
 + Level 2.5 Unarmed Combat


You had 3 spell levels left.
You didn't know any spells.

Dungeon Overview and Level Annotations

Branches:
Dungeon (3/15)

Altars:


Innate Abilities, Weirdness & Mutations

You have a pair of small antennae on your head.
You have sharp fingernails.


Message History

g - a potion of cancellation 2 orcs come into view.
The orc shouts!
You hear a shout!
The orc throws a tomahawk.
The tomahawk barely misses you.
You see here a tomahawk.
An adder comes into view.
The adder hisses angrily.
An orc wizard comes into view. It is wielding a dagger.
The orc wizard shouts!
You hit the orc. You freeze the orc.
You kill the orc!
The orc throws a tomahawk.
The tomahawk hits you but does no damage.
A quokka comes into view.
Things that are here:
a club; an orc corpse A bat comes into view.
The adder barely misses you.
Things that are here:
a club; an orc corpse You miss the adder.
The adder bites you.
You are poisoned.
The adder poisons you! The adder bites you.
You sock the adder! You burn the adder.
The adder is almost dead.
You feel sick. The adder misses you. The adder barely misses you.
You barely miss the adder.
The adder is almost dead.
You feel sick. The adder bites you but does no damage.
You closely miss the adder.
The adder is almost dead.
The adder closely misses you. The adder bites you but does no damage.
You hit the adder.
The adder is almost dead.
You feel sick.
The orc wizard casts a spell.
The orc wizard flickers and vanishes!
Deactivating autopickup; reactivate with Ctrl-A.
The adder closely misses you.
You are too injured to fight recklessly!
You closely miss the adder.
The adder is almost dead.
The adder bites you but does no damage. The adder misses you.
You completely miss the adder.
The adder is almost dead.
You feel sick. The adder bites you. The adder barely misses you.
You closely miss the adder.
The adder is almost dead.
The adder barely misses you.
You barely miss the adder.
The adder is almost dead.
The adder misses you. x2
You closely miss the adder.
The adder is almost dead.
You feel sick. The adder barely misses you. The adder bites you.
You are more poisoned.
The adder poisons you!
You hit the adder. You burn the adder.
You kill the adder!
You feel sick. The bat hits you but does no damage. The bat barely misses you.
You hit the bat but do no damage. The bat hits you but does no damage.
The bat closely misses you. The bat hits you but does no damage.
You hit the bat but do no damage.
You feel sick. The bat misses you. The quokka bites you.
You hit the quokka.
The quokka is poisoned.
The quokka is lightly wounded.
You feel sick.
The quokka bites you but does no damage.
You hit the quokka.
The quokka suddenly stops moving!
The quokka is heavily wounded.
You kill the quokka!
The bat barely misses you. The bat closely misses you.
The orc throws a tomahawk.
The tomahawk hits you but does no damage.
You miss something.
You feel sick.
You hear some strange, mumbled words.
Something tries to affect you, but you resist.
You barely miss something. Something hits you but does no damage.
Okay, then.
Unknown command.
You hit something.
You are feeling hungry.
You feel sick. Something hits you but does no damage. Something hits you.
You barely miss something.
You hear some strange, mumbled words.
A puff of flame appears from out of thin air!
The puff of flame hits you!
* * * LOW HITPOINT WARNING * * *
You miss something. Something hits you but does no damage.
You barely miss something.
You feel sick. Something hits you but does no damage.
As you read the scroll of teleportation, it crumbles to dust.
You feel strangely unstable. Something hits you but does no damage.
You sock something!
Nothing appears to happen.
Something hits you but does no damage. Something hits you.
* * * LOW HITPOINT WARNING * * *
You closely miss something.
You feel sick. Something hits you.
* * * LOW HITPOINT WARNING * * *
Something hits you.
You die...

#.##....#.#
#.##.##.#.#
#.##.##.#.#
#.........#
####.######
#.#########
#.#.......#
#.#.#####.####..
#....((@{b......
###.#####.......
#.# ....... ...
....... #####
...###. ...#
...# ....


You could see a bat.

Vanquished Creatures
  A gnoll (D:1)
  3 adders
  2 worms (D:2)
  3 dart slugs (D:2)
  3 leopard geckos (D:2)
  An orc (D:3)
  8 bats
  2 giant cockroaches
  12 goblins
  9 hobgoblins
  15 jackals
  4 quokkas
  A ball python (D:1)
  A frilled lizard (D:1)
  6 kobolds
  A rat (D:1)
72 creatures vanquished.

Notes
Turn   | Place    | Note
-------+----------+-------------------------------------------
     0 | D:1      | Mgcat the Demonspawn Chaos Knight began the quest for the Orb.
     0 | D:1      | Reached XP level 1. HP: 18/18 MP: 1/1
    76 | D:1      | XOM: silly message
   103 | D:1      | Reached skill level 3 in Maces & Flails
   103 | D:1      | Gained mutation: You have sharp fingernails. [demonic ancestry]
   103 | D:1      | Reached XP level 2. HP: 22/24 MP: 2/2
   145 | D:1      | XOM: divination: magic mapping
   300 | D:1      | XOM: silly message
   308 | D:1      | Reached skill level 1 in Unarmed Combat
   366 | D:1      | Gained mutation: You have a pair of small antennae on your head. [demonic ancestry]
   366 | D:1      | Reached XP level 3. HP: 22/29 MP: 3/3
   494 | D:1      | XOM: divination: detect creatures
   845 | D:2      | Found a faded altar of an unknown god.
   887 | D:2      | XOM: silly message
   991 | D:2      | Reached skill level 4 in Fighting
  1118 | D:2      | XOM: divination: magic mapping
  1136 | D:2      | Reached XP level 4. HP: 29/37 MP: 4/4
  1207 | D:2      | Reached skill level 2 in Unarmed Combat
  2081 | D:2      | XOM: summons 2 hostile demons
  2440 | D:3      | HP: 8/38 [something/puff of flame (5)]
  2445 | D:3      | HP: 5/38 [poisoned by an adder]
  2445 | D:3      | HP: 1/38 [something (4)]
  2445 | D:3      | Slain by an orc wizard

Vault maps used:
D:1:      onia_arrival_pentagram
D:2:      chequers_ecumenical_altar_twisty, minmay_goblin_outpost
D:3:      nicolae_overflow_crystal_walls, nrook_loot_triangle

Skill      XL: |  1  2  3  4 |
---------------+-------------+-----
Maces & Flails | 3 |  3.0
Unarmed Combat | 1 2 |  2.5
Fighting       | 4 |  4.5
Armour         | |  1.7
Dodging        | |  0.8

Action                   |  1- 3 |  4- 6 || total
-------------------------+-------+-------++-------
Melee: Mace              |   126 |   171 ||   297
Throw: Stone             |       |    11 ||    11
  Use: Potion            |     2 |     5 ||     7
       Scroll            |     5 |     2 ||     7
 Stab: Paralysed         |     3 |       ||     3
       Petrified         |     2 |       ||     2
       Petrifying        |     1 |       ||     1
  Eat: Chunk             |     1 |     4 ||     5
Armor: Leather armour    |    69 |    85 ||   154
Dodge: Dodged            |   103 |   120 ||   223

Table legend:
 A = Spawn XP
 B = Non-spawn XP
 C = Spawn XP percentage of total XP
 D = Spawn monster count
 E = Non-spawn monster count
 F = Spawn count percentage of total count
 G = Total turns spent on level
                    A         B        C        D         E        F      G
               +---------+---------+-------+---------+---------+-------+---------
         Total |       0 |     189 |   0.0 |       0 |      72 |   0.0 |  2445
               +---------+---------+-------+---------+---------+-------+---------
           D:1 |       0 |      52 |   0.0 |       0 |      24 |   0.0 |   800
           D:2 |       0 |     115 |   0.0 |       0 |      43 |   0.0 |  1561
           D:3 |       0 |      22 |   0.0 |       0 |       5 |   0.0 |    84
               +---------+---------+-------+---------+---------+-------+---------

Vault maps used:
D:1:      onia_arrival_pentagram
D:2:      chequers_ecumenical_altar_twisty, minmay_goblin_outpost
D:3:      nicolae_overflow_crystal_walls, nrook_loot_triangle

Table legend:
 A = Turns spent in this place as a percentage of turns spent in the entire game.
 B = Non-inter-level travel turns spent in this place as a percentage of non-inter-level travel turns spent in the entire game.
 C = Inter-level travel turns spent in this place as a percentage of turns spent in this place.
 D = Turns resting spent in this place as a percentage of non-inter-level travel turns spent in this place.
 E = Turns spent auto-exploring this place as a percentage of non-inter-level travel turns spent in this place.
 F = Non-inter-level travel turns spent in this place divided by the number of levels of this place that you've seen.
                   A       B       C       D       E      F
               +-------+-------+-------+-------+-------+----------------------
         Total | 100.0 | 100.0 |   2.3 |   2.4 |  67.8 | 796.3
       Dungeon | 100.0 | 100.0 |   2.3 |   2.4 |  67.8 | 796.3
               +-------+-------+-------+-------+-------+----------------------

Table legend:
 A = Kills in this place as a percentage of kills in entire the game.
 B = Kills by you in this place as a percentage of kills by you in the entire game.
 C = Kills by friends in this place as a percentage of kills by friends in the entire game.
 D = Other kills in this place as a percentage of other kills in the entire game.
 E = Experience gained in this place as a percentage of experience gained in the entire game.
 F = Experience gained in this place divided by the number of levels of this place that you have seen.
                   A       B       C       D       E      F
               +-------+-------+-------+-------+-------+----------------------
         Total | 100.0 | 100.0 |   N/A |   N/A | 100.0 |  63.0
       Dungeon | 100.0 | 100.0 |   N/A |   N/A | 100.0 |  63.0
               +-------+-------+-------+-------+-------+----------------------
